AoeStats
← Williamo

Arena

509389644Analyzed
3v3 RM · 7d ago on Sep 26, 2026· 39m 18s· 6 players
Game mode
Random Map
Map size
Normal (6 player)
Population
200
Speed
Normal
Resources
Standard
Victory
Conquest
Starting age
Dark Age
Ending age
Imperial Age
RankedLock teamsTeams togetherTeam positionsShared explorationLock speedFull tech treeHidden civsTurbo modeCheats
Victory
Defeat
🇹🇷 Bengalis · Türkiye
875
+12
🇧🇷 Portuguese · Brazil
872
+12
🇨🇱 Khmer · Chile
854
+13
🇺🇸 Japanese · United States
1028
-68
🇺🇸 Franks · United States
704
-11
🇺🇸 Magyars · United States
645
-7
drip_trpz #Grandma Peek
10:45 Feudal Age
13:57 Castle Age
14:09 Double-Bit Axe
14:08 Horse Collar
20:32 Loom
24:14 Fletching
24:25 Padded Archer Armor
26:23 Bodkin Arrow
26:44 Leather Archer Armor
28:18 Forging
32:14 Imperial Age
30:21 Wheelbarrow
29:59 Bow Saw
32:01 Husbandry
32:11 Bloodlines
34:43 Conscription
35:31 Double Crossbow
36:16 Ballistics
37:00 Chemistry
36:19 Leather Archer Armor
36:11 Scale Barding Armor
37:36 Elite Ballista Elephant
39:38 Tusk Swords
40:00 Hand Cart
39:30 Town Watch
39:41 Gold Mining
39:42 Stone Mining
40:29 Iron Casting
Fire Elemental
10:18 Feudal Age
15:33 Castle Age
22:53 Double-Bit Axe
23:50 Stone Mining
24:35 Gold Mining
27:17 Wheelbarrow
26:34 Horse Collar
27:08 Bow Saw
31:57 Imperial Age
29:28 Pikeman
32:00 Forging
31:50 Scale Mail Armor
33:15 Iron Casting
32:02 Halberdier
34:05 Chemistry
33:14 Siege Engineers
33:45 Conscription
36:22 Blast Furnace
35:39 Chain Mail Armor
37:24 Two-Man Saw
Hz.Jesus
12:13 Feudal Age
16:27 Castle Age
18:19 Double-Bit Axe
21:04 Gold Mining
21:21 Fletching
24:10 Padded Archer Armor
24:06 Bodkin Arrow
24:25 Horse Collar
26:15 Bow Saw
27:27 Bloodlines
27:18 Husbandry
32:15 Imperial Age
30:08 Paiks
31:29 Gold Shaft Mining
31:44 Scale Barding Armor
31:49 Forging
32:05 Fortified Wall
35:15 Chain Barding Armor
35:56 Iron Casting
37:13 Plate Barding Armor
38:19 Blast Furnace
37:33 Heavy Plow
wci7
0:41 Loom
13:30 Feudal Age
17:29 Castle Age
17:20 Double-Bit Axe
19:45 Wheelbarrow
20:57 Hand Cart
21:17 Gold Mining
23:03 Fletching
24:10 Padded Archer Armor
25:07 Bodkin Arrow
27:02 Leather Archer Armor
28:21 Husbandry
35:59 Imperial Age
Zapatos
0:33 Loom
11:56 Feudal Age
16:06 Castle Age
14:04 Horse Collar
18:32 Fletching
19:56 Arson
22:03 Double-Bit Axe
22:24 Gold Mining
25:24 Wheelbarrow
29:31 Imperial Age
28:30 Bodkin Arrow
28:35 Padded Archer Armor
28:50 Bow Saw
28:23 Elite Skirmisher
30:05 Town Watch
32:53 Kataparuto
33:16 Bracer
33:31 Forging
33:22 Scale Mail Armor
34:48 Gold Shaft Mining
36:17 Thumb Ring
36:33 Leather Archer Armor
36:55 Iron Casting
37:03 Squires
39:42 Hand Cart
Williamo
3:28 Loom
12:24 Feudal Age
13:04 Horse Collar
13:12 Double-Bit Axe
15:37 Wheelbarrow
19:39 Castle Age
18:46 Stone Mining
20:45 Heavy Plow
20:57 Bow Saw
23:33 Hand Cart
27:06 Gold Mining
28:56 Elite Skirmisher
29:57 Bloodlines
29:47 Husbandry
29:41 Fletching
31:20 Thumb Ring
31:19 Padded Archer Armor
31:15 Bodkin Arrow
31:23 Scale Mail Armor
32:04 Gold Shaft Mining
31:24 Arson
31:03 Pikeman
Connection lost

Rejoining the realm…

Still unreachable

The connection could not be restored.

Session expired

The server has moved on; the page needs a fresh start.